Vegas Golden Knights vs Philadelphia Flyers
Created - Tuesday, November 26, 2024 at 08:51
Goals
|
| Vegas Golden Knights |
1 |
1 |
2 |
4 |
| Philadelphia Flyers |
0 |
1 |
1 |
2 |
|
Shots
|
| Vegas Golden Knights |
9 |
15 |
11 |
35 |
| Philadelphia Flyers |
7 |
8 |
12 |
27 |
|
1st period
1. Vegas Golden Knights , Jordan Staal 9 (Tyler Toffoli 29, Tyler Bertuzzi 26) at 8:53
Penalties :
No Penalty
2nd period
2. Philadelphia Flyers , Casey Cizikas 16 (Joel Edmundson 10, Jeff Skinner 21) at 11:02 (PP)
3. Vegas Golden Knights , Sean Couturier 28 (Roman Josi 38) at 13:35
Penalties :
Roman Josi (VGK) for Holding (Minor) at 0:49, Matt Rempe (PHI) for Hooking (Minor) at 4:33, Roman Josi (VGK) for Interference (Minor) at 9:05
3rd period
4. Philadelphia Flyers , Zac Jones 1 (Marcus Johansson 16, Jeff Skinner 22) at 6:59
5. Vegas Golden Knights , Tyler Bertuzzi 18 (Tyler Toffoli 30, John Marino 20) at 10:18 (PP)
6. Vegas Golden Knights , Auston Matthews 45 (Bryan Rust 42) at 11:29
Penalties :
Jeff Skinner (PHI) for Interference (Minor) at 10:02
Goalie Stats
Cayden Primeau (VGK), 25 saves from 27 shots - (0.926), W, 28-7-7, 60:00 minutes
Connor Ingram (PHI), 31 saves from 35 shots - (0.886), L, 36-14-7, 60:00 minutes
Players Stats for Vegas Golden Knights
Player Name G A P +/- PIM S H SB GA TA FO MP PP MP PK MP
------------------------------------------------------------------------------------
Auston Matthews 1 0 1 0 0 5 0 1 2 0 16/22 16:32 1:02 0:00
Bryan Rust 0 1 1 0 0 1 1 0 1 0 0/0 16:32 1:02 0:00
Conor Sheary 0 0 0 0 0 0 2 0 0 0 0/0 9:28 0:00 0:00
Curtis Lazar 0 0 0 0 0 1 5 0 0 0 0/3 10:01 0:03 0:05
Danton Heinen 0 0 0 1 0 0 1 2 1 0 0/0 13:15 0:06 0:00
John Marino 0 1 1 -1 0 1 1 2 0 1 0/0 18:52 1:13 1:31
Jordan Staal 1 0 1 1 0 2 1 0 0 1 10/21 18:35 1:10 1:49
Marc-Edouard Vlasic 0 0 0 1 0 2 1 0 0 0 0/0 21:02 0:00 2:25
Pierre-edouard Bellemare 0 0 0 0 0 1 1 2 1 0 1/2 11:30 0:00 2:02
Reilly Smith 0 0 0 0 0 2 3 0 0 0 0/1 16:29 0:59 0:00
Roman Josi 0 1 1 2 4 3 2 0 1 1 0/0 20:41 1:02 0:00
Ryan Graves 0 0 0 2 0 1 1 4 0 2 0/0 21:37 1:02 1:31
Sean Couturier 1 0 1 1 0 3 1 0 0 1 2/11 14:39 0:00 1:49
Shea Theodore 0 0 0 -1 0 2 0 2 0 0 0/0 16:05 0:00 0:00
Thomas Chabot 0 0 0 1 0 1 0 4 0 1 0/0 21:47 1:13 2:25
Trevor Lewis 0 0 0 1 0 3 1 2 1 0 0/0 15:14 0:03 2:02
Tyler Bertuzzi 1 1 2 1 0 3 3 0 0 0 0/0 16:46 1:10 0:00
Tyler Toffoli 0 2 2 1 0 4 1 0 3 1 0/1 16:57 1:10 0:05
Players Stats for Philadelphia Flyers
Player Name G A P +/- PIM S H SB GA TA FO MP PP MP PK MP
------------------------------------------------------------------------------------
Albert Johansson 0 0 0 -2 0 0 0 1 1 1 0/0 16:11 0:00 0:00
Casey Cizikas 1 0 1 -1 0 4 2 0 0 1 11/16 16:09 1:12 0:58
Cody Glass 0 0 0 0 0 3 4 1 0 0 0/0 15:54 2:44 0:00
Daniil Misyul 0 0 0 -2 0 0 1 0 0 1 0/0 16:11 0:00 0:00
Jeff Skinner 0 2 2 -1 2 2 1 0 1 0 0/0 14:47 1:12 0:00
Jesper Fast 0 0 0 0 0 3 2 0 1 1 0/1 14:24 0:00 1:08
Joel Edmundson 0 1 1 1 0 2 2 1 1 0 0/0 21:21 1:57 1:02
Lukas Rousek 0 0 0 -1 0 2 0 0 2 0 1/3 13:47 0:00 0:00
Marcus Johansson 0 1 1 -1 0 0 0 1 1 0 0/0 16:23 2:44 0:06
Matt Rempe 0 0 0 -1 2 0 2 0 0 0 0/1 13:46 0:00 0:00
Radek Faksa 0 0 0 0 0 2 1 0 0 2 10/19 16:52 2:44 0:58
Ryan Winterton 0 0 0 0 0 1 1 0 0 0 0/1 13:16 0:00 0:00
Samuel Poulin 0 0 0 -1 0 1 0 2 0 1 5/11 13:47 0:00 0:00
Sean Kuraly 0 0 0 0 0 2 1 0 0 0 5/9 16:36 1:59 1:08
Sonny Milano 0 0 0 0 0 0 0 0 1 0 0/0 14:37 1:12 0:12
Trevor van Riemsdyk 0 0 0 -1 0 3 1 0 0 2 0/0 22:44 1:59 1:02
Vladislav Gavrikov 0 0 0 -1 0 0 0 1 0 0 0/0 21:50 1:57 1:13
Zac Jones 1 0 1 1 0 2 0 0 0 1 0/0 19:08 0:00 1:13
3 Stars
1 - Tyler Bertuzzi (VGK)
2 - Sean Couturier (VGK)
3 - Jordan Staal (VGK)
Power Play
Vegas Golden Knights - 1 on 2 Attempt(s) - 50.00%
Philadelphia Flyers - 1 on 2 Attempt(s) - 50.00%
Penalty Kill
Vegas Golden Knights - 1 on 2 Attempt(s) - 50.00%
- Score 0 goal in Penalty Kill
Philadelphia Flyers - 1 on 2 Attempt(s) - 50.00%
- Score 0 goal in Penalty Kill
Team Stat
Vegas Golden Knights - Hits : 25 - Faceoff Wins : 29 - Blocked Shots : 19 - Penalty Minutes : 4
Philadelphia Flyers - Hits : 18 - Faceoff Wins : 32 - Blocked Shots : 7 - Penalty Minutes : 4
Official
Referees : Marc Joannette and Justin St. Pierre
Linesman : Travis Toomey and David Brisebois
Game Notes
Shea Theodore is injured at 18:41 of 3rd period (Upper Body)
Finance
Level 1 -- Attendance: 5587 (93.12%) -- Ticket Income $508,417
Level 2 -- Attendance: 5000 (100.00%) -- Ticket Income $260,000
Level 3 -- Attendance: 3000 (100.00%) -- Ticket Income $84,000
Level 4 -- Attendance: 5000 (100.00%) -- Ticket Income $90,000
Luxury Box -- Attendance: 993 (99.30%) -- Ticket Income $188,670
Game was played at the Wells Fargo Center.
Total Attendance: 19580 (97.90%)
Total Ticket Income: $1,131,087
Other Income: $395,880
Total Income: $1,526,967
Vegas Golden Knights
5 vs 5 Forward
Center Left Wing Right Wing Time % Phy DF OF
1 Auston Matthews Bryan Rust Reilly Smith 30 1 2 2
2 Jordan Staal Tyler Toffoli Tyler Bertuzzi 30 1 2 2
3 Sean Couturier Danton Heinen Trevor Lewis 25 1 2 2
4 Curtis Lazar Pierre-edouard Bellemare Conor Sheary 15 1 2 2
5 vs 5 Defense
Defense Defense Time % Phy DF OF
1 Roman Josi Ryan Graves 35 1 2 2
2 Marc-Edouard Vlasic Thomas Chabot 35 1 2 2
3 John Marino Shea Theodore 30 1 2 2
4 Roman Josi Ryan Graves 0 1 2 2
PowerPlay Forward
Center Left Wing Right Wing Time % Phy DF OF
1 Auston Matthews Bryan Rust Reilly Smith 50 1 2 2
2 Jordan Staal Tyler Toffoli Tyler Bertuzzi 50 1 2 2
PowerPlay Defense
Defense Defense Time % Phy DF OF
1 Roman Josi Ryan Graves 50 1 2 2
2 John Marino Thomas Chabot 50 1 2 2
Penalty Kill 4 Players Forward
Center Wing Time % Phy DF OF
1 Sean Couturier Jordan Staal 50 1 2 2
2 Pierre-edouard Bellemare Trevor Lewis 50 1 2 2
Penalty Kill 4 Players Defense
Defense Defense Time % Phy DF OF
1 John Marino Ryan Graves 50 1 2 2
2 Marc-Edouard Vlasic Thomas Chabot 50 1 2 2
Penalty Kill - 3 Players Forward
Forward Time % Phy DF OF
1 Jordan Staal 50 1 2 2
2 Sean Couturier 50 1 2 2
Penalty Kill - 3 Players Defense
Defense Defense Time % Phy DF OF
1 John Marino Ryan Graves 50 1 2 2
2 Marc-Edouard Vlasic Thomas Chabot 50 1 2 2
4 vs 4 Forward
Center Wing Time % Phy DF OF
1 Auston Matthews Bryan Rust 50 1 2 2
2 Jordan Staal Tyler Toffoli 50 1 2 2
4 vs 4 Defense
Defense Defense Time % Phy DF OF
1 Roman Josi Ryan Graves 50 1 2 2
2 Marc-Edouard Vlasic Thomas Chabot 50 1 2 2
Last Minutes Offensive
Center Left Wing Right Wing Defense Defense
Auston Matthews Bryan Rust Jordan Staal Roman Josi Thomas Chabot
Last Minutes Defensive
Center Left Wing Right Wing Defense Defense
Sean Couturier Jordan Staal Pierre-edouard Bellemare John Marino Ryan Graves
Goaltenders
Starting : Cayden Primeau
Backup : Alexandar Georgiev
Extra Forwards
Normal : Danton Heinen, Trevor Lewis, Curtis Lazar - PP : Danton Heinen, Trevor Lewis - PK : Curtis Lazar
Extra Defensemen
Normal : John Marino, Roman Josi, Marc-Edouard Vlasic - PP : John Marino - PK : John Marino, Thomas Chabot
Penalty Shots
Auston Matthews, Tyler Toffoli, Sean Couturier, Reilly Smith, Jordan Staal
Scratches
Maxime Comtois (Healthy), Travis Hamonic (Healthy), Sean Monahan (Left Leg Injury)
Philadelphia Flyers
5 vs 5 Forward
Center Left Wing Right Wing Time % Phy DF OF
1 Casey Cizikas Jeff Skinner Marcus Johansson 25 0 1 4
2 Radek Faksa Sonny Milano Cody Glass 25 0 1 4
3 Sean Kuraly Ryan Winterton Jesper Fast 25 0 2 3
4 Samuel Poulin Matt Rempe Lukas Rousek 25 0 2 3
5 vs 5 Defense
Defense Defense Time % Phy DF OF
1 Vladislav Gavrikov Trevor van Riemsdyk 35 0 3 2
2 Joel Edmundson Zac Jones 35 0 3 2
3 Albert Johansson Daniil Misyul 30 0 4 1
4 Vladislav Gavrikov Trevor van Riemsdyk 0 0 3 2
PowerPlay Forward
Center Left Wing Right Wing Time % Phy DF OF
1 Casey Cizikas Jeff Skinner Sonny Milano 50 0 0 5
2 Radek Faksa Marcus Johansson Cody Glass 50 0 0 5
PowerPlay Defense
Defense Defense Time % Phy DF OF
1 Vladislav Gavrikov Joel Edmundson 50 0 1 4
2 Trevor van Riemsdyk Sean Kuraly 50 0 1 4
Penalty Kill 4 Players Forward
Center Wing Time % Phy DF OF
1 Casey Cizikas Radek Faksa 50 0 5 0
2 Sean Kuraly Jesper Fast 50 0 5 0
Penalty Kill 4 Players Defense
Defense Defense Time % Phy DF OF
1 Vladislav Gavrikov Zac Jones 50 0 5 0
2 Joel Edmundson Trevor van Riemsdyk 50 0 5 0
Penalty Kill - 3 Players Forward
Forward Time % Phy DF OF
1 Casey Cizikas 50 0 5 0
2 Radek Faksa 50 0 5 0
Penalty Kill - 3 Players Defense
Defense Defense Time % Phy DF OF
1 Vladislav Gavrikov Zac Jones 50 0 5 0
2 Joel Edmundson Trevor van Riemsdyk 50 0 5 0
4 vs 4 Forward
Center Wing Time % Phy DF OF
1 Casey Cizikas Jeff Skinner 50 0 1 4
2 Radek Faksa Sonny Milano 50 0 1 4
4 vs 4 Defense
Defense Defense Time % Phy DF OF
1 Vladislav Gavrikov Trevor van Riemsdyk 50 0 3 2
2 Joel Edmundson Zac Jones 50 0 3 2
Last Minutes Offensive
Center Left Wing Right Wing Defense Defense
Casey Cizikas Jeff Skinner Sonny Milano Vladislav Gavrikov Marcus Johansson
Last Minutes Defensive
Center Left Wing Right Wing Defense Defense
Casey Cizikas Sean Kuraly Radek Faksa Vladislav Gavrikov Trevor van Riemsdyk
Goaltenders
Starting : Connor Ingram
Backup : Spencer Martin
Extra Forwards
Normal : Jeff Skinner, Casey Cizikas, Sonny Milano - PP : Jeff Skinner, Casey Cizikas - PK : Sonny Milano
Extra Defensemen
Normal : Joel Edmundson, Trevor van Riemsdyk, Vladislav Gavrikov - PP : Joel Edmundson - PK : Trevor van Riemsdyk, Vladislav Gavrikov
Penalty Shots
Jeff Skinner, Sonny Milano, Casey Cizikas, Cody Glass, Jesper Fast
Scratches
Marcel Marcel (Healthy), Devin Cooley (Healthy)
% Time on Ice - Vegas Golden Knights
Lines # - Real PCT - Wanted PCT - Time Play
Normal Forward
1 - 29% - 30% - 15:52
2 - 29% - 30% - 15:39
3 - 24% - 25% - 12:50
4 - 18% - 15% - 9:28
Normal Defense
1 - 35% - 35% - 19:04
2 - 35% - 35% - 18:40
3 - 30% - 30% - 16:05
4 - 0% - 0% - 0:00
PP Forward
1 - 46% - 50% - 1:02
2 - 54% - 50% - 1:13
PP Defense
1 - 46% - 50% - 1:02
2 - 54% - 50% - 1:13
PK Forward
1 - 48% - 50% - 1:54
2 - 52% - 50% - 2:02
PK Defense
1 - 39% - 50% - 1:31
2 - 61% - 50% - 2:25
PK3 Forward
1 - 0% - 50%
2 - 0% - 50%
PK3 Defense
1 - 0% - 50%
2 - 0% - 50%
44 Forward
1 - 0% - 50%
2 - 0% - 50%
44 Defense
1 - 0% - 50%
2 - 0% - 50%
Last Minute Offensive - 0:00
Last Minute Defensive - 0:00
Total
Forward - 60:00
Defense - 60:00
|
% Time on Ice - Philadelphia Flyers
Lines # - Real PCT - Wanted PCT - Time Play
Normal Forward
1 - 25% - 25% - 13:36
2 - 24% - 25% - 13:10
3 - 25% - 25% - 13:16
4 - 26% - 25% - 13:47
Normal Defense
1 - 35% - 35% - 18:40
2 - 35% - 35% - 18:58
3 - 30% - 30% - 16:11
4 - 0% - 0% - 0:00
PP Forward
1 - 31% - 50% - 1:12
2 - 69% - 50% - 2:44
PP Defense
1 - 50% - 50% - 1:57
2 - 50% - 50% - 1:59
PK Forward
1 - 45% - 50% - 1:01
2 - 55% - 50% - 1:14
PK Defense
1 - 54% - 50% - 1:13
2 - 46% - 50% - 1:02
PK3 Forward
1 - 0% - 50%
2 - 0% - 50%
PK3 Defense
1 - 0% - 50%
2 - 0% - 50%
44 Forward
1 - 0% - 50%
2 - 0% - 50%
44 Defense
1 - 0% - 50%
2 - 0% - 50%
Last Minute Offensive - 0:00
Last Minute Defensive - 0:00
Total
Forward - 60:00
Defense - 60:00
|
Play-by-Play
1st period
0:01 of 1st period - Auston Matthews wins face-off versus Casey Cizikas in neutral zone.
0:04 of 1st period - Trevor van Riemsdyk is hit by Roman Josi and loses puck.
0:11 of 1st period - Snap shot by Auston Matthews.
0:11 of 1st period - Stopped by Connor Ingram without a rebound.
0:12 of 1st period - Jordan Staal wins face-off versus Radek Faksa in Philadelphia Flyers zone.
0:23 of 1st period - Snap shot by Sonny Milano.
0:23 of 1st period - Shot Blocked by Thomas Chabot.
0:25 of 1st period - Wrist shot by Radek Faksa.
0:25 of 1st period - Shot Misses the Net.
0:27 of 1st period - Snap shot by Radek Faksa.
0:27 of 1st period - Shot Misses the Net.
0:57 of 1st period - Snap shot by Jeff Skinner.
0:57 of 1st period - Deflect By Casey Cizikas.
0:57 of 1st period - Stopped by Cayden Primeau without a rebound.
0:58 of 1st period - Casey Cizikas wins face-off versus Curtis Lazar in Vegas Golden Knights zone.
1:28 of 1st period - Wrist shot by Casey Cizikas.
1:28 of 1st period - Stopped by Cayden Primeau without a rebound.
1:29 of 1st period - Samuel Poulin wins face-off versus Auston Matthews in Vegas Golden Knights zone.
2:01 of 1st period - Icing by Joel Edmundson.
2:02 of 1st period - Radek Faksa wins face-off versus Jordan Staal in Philadelphia Flyers zone.
2:02 of 1st period - Radek Faksa is hit by John Marino.
2:40 of 1st period - Snap shot by Ryan Winterton.
2:40 of 1st period - Shot Misses the Net.
2:50 of 1st period - Snap shot by Jeff Skinner.
2:50 of 1st period - Shot Blocked by John Marino.
3:00 of 1st period - Snap shot by Casey Cizikas.
3:00 of 1st period - Stopped by Cayden Primeau without a rebound.
3:01 of 1st period - Auston Matthews wins face-off versus Samuel Poulin in Vegas Golden Knights zone.
3:28 of 1st period - Trevor van Riemsdyk is hit by Tyler Bertuzzi and loses puck.
4:29 of 1st period - Wrist shot by Auston Matthews.
4:29 of 1st period - Deflect By Reilly Smith.
4:29 of 1st period - Shot Blocked by Samuel Poulin.
4:29 of 1st period - Puck is out of play.
4:30 of 1st period - Jordan Staal wins face-off versus Samuel Poulin in Philadelphia Flyers zone.
5:22 of 1st period - John Marino is hit by Joel Edmundson.
5:47 of 1st period - Zac Jones is hit by Trevor Lewis and loses puck.
6:04 of 1st period - Snap shot by Tyler Bertuzzi.
6:04 of 1st period - Shot Misses the Net.
7:07 of 1st period - Trevor Lewis is hit by Jeff Skinner and loses puck.
7:12 of 1st period - Slapshot by Jeff Skinner.
7:12 of 1st period - Shot Blocked by Shea Theodore.
7:14 of 1st period - Snap shot by Casey Cizikas.
7:14 of 1st period - Deflect By Sean Couturier.
7:14 of 1st period - Shot Blocked by Danton Heinen.
7:14 of 1st period - Puck is out of play.
7:15 of 1st period - Jordan Staal wins face-off versus Sean Kuraly in Vegas Golden Knights zone.
7:20 of 1st period - Joel Edmundson is hit by Tyler Bertuzzi and loses puck.
7:29 of 1st period - Wrist shot by Tyler Toffoli.
7:29 of 1st period - Deflect By Tyler Bertuzzi.
7:29 of 1st period - Shot Misses the Net.
7:29 of 1st period - Puck is out of play.
7:30 of 1st period - Auston Matthews wins face-off versus Matt Rempe in Philadelphia Flyers zone.
7:45 of 1st period - Bryan Rust is hit by Matt Rempe and loses puck.
7:56 of 1st period - Trevor van Riemsdyk is hit by Jordan Staal and loses puck.
8:02 of 1st period - Icing by Radek Faksa.
8:03 of 1st period - Jordan Staal wins face-off versus Radek Faksa in Philadelphia Flyers zone.
8:10 of 1st period - Slapshot by Tyler Toffoli.
8:10 of 1st period - Shot Misses the Net.
8:12 of 1st period - Snap shot by Ryan Graves.
8:12 of 1st period - Shot Misses the Net.
8:14 of 1st period - Slapshot by Ryan Graves.
8:14 of 1st period - Stopped by Connor Ingram without a rebound.
8:15 of 1st period - Auston Matthews wins face-off versus Sean Kuraly in Philadelphia Flyers zone.
8:20 of 1st period - Snap shot by Bryan Rust.
8:20 of 1st period - Shot Misses the Net.
8:22 of 1st period - Snap shot by Reilly Smith.
8:22 of 1st period - Shot Misses the Net.
8:39 of 1st period - Icing by Daniil Misyul.
8:40 of 1st period - Sean Kuraly wins face-off versus Jordan Staal in Philadelphia Flyers zone.
8:51 of 1st period - Snap shot by Tyler Toffoli.
8:51 of 1st period - Shot Misses the Net.
8:53 of 1st period - Snap shot by Jordan Staal.
8:53 of 1st period - Goal by Jordan Staal - Vegas Golden Knights : 1 - Philadelphia Flyers : 0.
8:54 of 1st period - Sean Couturier wins face-off versus Samuel Poulin in neutral zone.
10:04 of 1st period - Joel Edmundson is hit by Conor Sheary.
10:58 of 1st period - Wrist shot by Curtis Lazar.
10:58 of 1st period - Shot Blocked by Samuel Poulin.
11:00 of 1st period - Snap shot by Conor Sheary.
11:00 of 1st period - Shot Misses the Net.
11:02 of 1st period - Snap shot by Pierre-edouard Bellemare.
11:02 of 1st period - Stopped by Connor Ingram without a rebound.
11:03 of 1st period - Jordan Staal wins face-off versus Casey Cizikas in Philadelphia Flyers zone.
11:06 of 1st period - Backhand shot by Tyler Bertuzzi.
11:06 of 1st period - Stopped by Connor Ingram with a rebound.
11:53 of 1st period - Wrist shot by Sonny Milano.
11:53 of 1st period - Shot Misses the Net.
12:01 of 1st period - Snap shot by Sonny Milano.
12:01 of 1st period - Shot Hit the Post.
12:41 of 1st period - Slapshot by Lukas Rousek.
12:41 of 1st period - Shot Blocked by Ryan Graves.
13:49 of 1st period - Zac Jones is hit by Tyler Toffoli and loses puck.
14:38 of 1st period - Snap shot by Pierre-edouard Bellemare.
14:38 of 1st period - Shot Blocked by Joel Edmundson.
14:40 of 1st period - Backhand shot by Marc-Edouard Vlasic.
14:40 of 1st period - Stopped by Connor Ingram with a rebound.
14:42 of 1st period - Snap shot by Curtis Lazar.
14:42 of 1st period - Shot Blocked by Marcus Johansson.
15:14 of 1st period - Wrist shot by Ryan Winterton.
15:14 of 1st period - Shot Misses the Net.
15:16 of 1st period - Snap shot by Sean Kuraly.
15:16 of 1st period - Shot Blocked by Thomas Chabot.
15:18 of 1st period - Snap shot by Ryan Winterton.
15:18 of 1st period - Stopped by Cayden Primeau with a rebound.
15:54 of 1st period - Off-side.
15:55 of 1st period - Casey Cizikas wins face-off versus Curtis Lazar in neutral zone.
15:58 of 1st period - Wrist shot by Jeff Skinner.
15:58 of 1st period - Stopped by Cayden Primeau with a rebound.
16:10 of 1st period - Slapshot by Pierre-edouard Bellemare.
16:10 of 1st period - Shot Misses the Net.
16:27 of 1st period - Shea Theodore is hit by Cody Glass and loses puck.
16:37 of 1st period - Icing by Tyler Bertuzzi.
16:38 of 1st period - Sean Kuraly wins face-off versus Tyler Toffoli in Vegas Golden Knights zone.
17:04 of 1st period - Wrist shot by Jordan Staal.
17:04 of 1st period - Deflect By Tyler Toffoli.
17:04 of 1st period - Stopped by Connor Ingram with a rebound.
17:14 of 1st period - Slapshot by Tyler Toffoli.
17:14 of 1st period - Stopped by Connor Ingram without a rebound.
17:15 of 1st period - Auston Matthews wins face-off versus Samuel Poulin in Philadelphia Flyers zone.
17:16 of 1st period - Slapshot by Bryan Rust.
17:16 of 1st period - Deflect By Reilly Smith.
17:16 of 1st period - Stopped by Connor Ingram without a rebound.
17:17 of 1st period - Auston Matthews wins face-off versus Lukas Rousek in Philadelphia Flyers zone.
17:28 of 1st period - Snap shot by Bryan Rust.
17:28 of 1st period - Shot Misses the Net.
18:44 of 1st period - Thomas Chabot is hit by Jesper Fast.
19:22 of 1st period - Wrist shot by Cody Glass.
19:22 of 1st period - Stopped by Cayden Primeau with a rebound.
19:24 of 1st period - Slapshot by Radek Faksa.
19:24 of 1st period - Stopped by Cayden Primeau with a rebound.
19:26 of 1st period - Snap shot by Cody Glass.
19:26 of 1st period - Shot Misses the Net.
19:43 of 1st period - Jeff Skinner is hit by Curtis Lazar and loses puck.
19:58 of 1st period - Jordan Staal is hit by Matt Rempe and loses puck.
Goals for this period are 1 for Vegas Golden Knights vs 0 for Philadelphia Flyers.
Shots for this period are 9 for Vegas Golden Knights vs 7 for Philadelphia Flyers.
2nd period
0:01 of 2nd period - Auston Matthews wins face-off versus Radek Faksa in neutral zone.
0:06 of 2nd period - Slapshot by Auston Matthews.
0:06 of 2nd period - Shot Misses the Net.
0:08 of 2nd period - Slapshot by Reilly Smith.
0:08 of 2nd period - Stopped by Connor Ingram with a rebound.
0:10 of 2nd period - Slapshot by Ryan Graves.
0:10 of 2nd period - Deflect By Auston Matthews.
0:10 of 2nd period - Stopped by Connor Ingram with a rebound.
0:23 of 2nd period - Icing by Roman Josi.
0:24 of 2nd period - Samuel Poulin wins face-off versus Auston Matthews in Vegas Golden Knights zone.
0:49 of 2nd period - Minor Penalty to Roman Josi for Holding.
0:50 of 2nd period - Casey Cizikas wins face-off versus Sean Couturier in Vegas Golden Knights zone.
0:51 of 2nd period - Snap shot by Jeff Skinner.
0:51 of 2nd period - Deflect By Casey Cizikas.
0:51 of 2nd period - Shot Blocked by Thomas Chabot.
0:51 of 2nd period - Puck is out of play.
0:52 of 2nd period - Casey Cizikas wins face-off versus Sean Couturier in Vegas Golden Knights zone.
0:57 of 2nd period - Snap shot by Casey Cizikas.
0:57 of 2nd period - Shot Misses the Net.
2:29 of 2nd period - Trevor Lewis is hit by Cody Glass and loses puck.
2:49 of 2nd period - Penalty to Roman Josi is over, Roman Josi is back on ice.
3:24 of 2nd period - Slapshot by Roman Josi.
3:24 of 2nd period - Deflect By Trevor van Riemsdyk.
3:24 of 2nd period - Stopped by Connor Ingram without a rebound.
3:25 of 2nd period - Casey Cizikas wins face-off versus Jordan Staal in Philadelphia Flyers zone.
3:32 of 2nd period - Ryan Winterton is hit by Tyler Bertuzzi and loses puck.
3:49 of 2nd period - Matt Rempe is hit by Reilly Smith.
4:17 of 2nd period - Jesper Fast is hit by Ryan Graves and loses puck.
4:24 of 2nd period - Snap shot by Sean Couturier.
4:24 of 2nd period - Stopped by Connor Ingram without a rebound.
4:25 of 2nd period - Jordan Staal wins face-off versus Samuel Poulin in Philadelphia Flyers zone.
4:33 of 2nd period - Minor Penalty to Matt Rempe for Hooking.
4:34 of 2nd period - Casey Cizikas wins face-off versus Reilly Smith in Philadelphia Flyers zone.
4:46 of 2nd period - Slapshot by Bryan Rust.
4:46 of 2nd period - Stopped by Connor Ingram with a rebound.
6:33 of 2nd period - Penalty to Matt Rempe is over, Matt Rempe is back on ice.
6:41 of 2nd period - Joel Edmundson is hit by Curtis Lazar and loses puck.
7:05 of 2nd period - Snap shot by Lukas Rousek.
7:05 of 2nd period - Stopped by Cayden Primeau with a rebound.
7:18 of 2nd period - Icing by Samuel Poulin.
7:19 of 2nd period - Samuel Poulin wins face-off versus Curtis Lazar in Philadelphia Flyers zone.
7:19 of 2nd period - Samuel Poulin is hit by Pierre-edouard Bellemare.
7:26 of 2nd period - Slapshot by Shea Theodore.
7:26 of 2nd period - Deflect By Conor Sheary.
7:26 of 2nd period - Shot Misses the Net.
7:26 of 2nd period - Puck is out of play.
7:27 of 2nd period - Jordan Staal wins face-off versus Sean Kuraly in Philadelphia Flyers zone.
7:30 of 2nd period - Snap shot by Tyler Toffoli.
7:30 of 2nd period - Shot Misses the Net.
7:36 of 2nd period - Tyler Toffoli is hit by Jesper Fast and loses puck.
8:00 of 2nd period - Wrist shot by Trevor Lewis.
8:00 of 2nd period - Stopped by Connor Ingram with a rebound.
8:02 of 2nd period - Snap shot by John Marino.
8:02 of 2nd period - Stopped by Connor Ingram without a rebound.
8:03 of 2nd period - Auston Matthews wins face-off versus Radek Faksa in Philadelphia Flyers zone.
8:04 of 2nd period - Snap shot by Bryan Rust.
8:04 of 2nd period - Shot Misses the Net.
8:06 of 2nd period - Wrist shot by Marc-Edouard Vlasic.
8:06 of 2nd period - Stopped by Connor Ingram with a rebound.
8:59 of 2nd period - Snap shot by Jesper Fast.
8:59 of 2nd period - Stopped by Cayden Primeau with a rebound.
9:01 of 2nd period - Snap shot by Joel Edmundson.
9:01 of 2nd period - Stopped by Cayden Primeau without a rebound.
9:02 of 2nd period - Radek Faksa wins face-off versus Sean Couturier in Vegas Golden Knights zone.
9:03 of 2nd period - Slapshot by Cody Glass.
9:03 of 2nd period - Shot Misses the Net.
9:05 of 2nd period - Minor Penalty to Roman Josi for Interference.
9:06 of 2nd period - Radek Faksa wins face-off versus Pierre-edouard Bellemare in Vegas Golden Knights zone.
9:07 of 2nd period - Snap shot by Cody Glass.
9:07 of 2nd period - Shot Misses the Net.
9:11 of 2nd period - Backhand shot by Cody Glass.
9:11 of 2nd period - Shot Blocked by Trevor Lewis.
9:13 of 2nd period - Slapshot by Trevor van Riemsdyk.
9:13 of 2nd period - Shot Blocked by Trevor Lewis.
9:56 of 2nd period - Thomas Chabot is hit by Radek Faksa and loses puck.
10:15 of 2nd period - Marc-Edouard Vlasic is hit by Cody Glass and loses puck.
10:36 of 2nd period - Backhand shot by Radek Faksa.
10:36 of 2nd period - Shot Misses the Net.
10:38 of 2nd period - Slapshot by Radek Faksa.
10:38 of 2nd period - Stopped by Cayden Primeau with a rebound.
10:50 of 2nd period - Wrist shot by Cody Glass.
10:50 of 2nd period - Stopped by Cayden Primeau without a rebound.
10:51 of 2nd period - Casey Cizikas wins face-off versus Sean Couturier in Vegas Golden Knights zone.
10:58 of 2nd period - Slapshot by Casey Cizikas.
10:58 of 2nd period - Shot Misses the Net.
11:00 of 2nd period - Slapshot by Joel Edmundson.
11:00 of 2nd period - Shot Misses the Net.
11:02 of 2nd period - Slapshot by Casey Cizikas.
11:02 of 2nd period - Goal by Casey Cizikas - Vegas Golden Knights : 1 - Philadelphia Flyers : 1.
11:03 of 2nd period - Lukas Rousek wins face-off versus Jordan Staal in neutral zone.
11:06 of 2nd period - Wrist shot by Samuel Poulin.
11:06 of 2nd period - Shot Blocked by Ryan Graves.
11:13 of 2nd period - Icing by Roman Josi.
11:14 of 2nd period - Sean Kuraly wins face-off versus Jordan Staal in Vegas Golden Knights zone.
11:24 of 2nd period - Off-side.
11:25 of 2nd period - Auston Matthews wins face-off versus Ryan Winterton in neutral zone.
11:40 of 2nd period - Snap shot by Sean Kuraly.
11:40 of 2nd period - Shot Blocked by Ryan Graves.
12:00 of 2nd period - Slapshot by Roman Josi.
12:00 of 2nd period - Stopped by Connor Ingram with a rebound.
12:02 of 2nd period - Slapshot by Roman Josi.
12:02 of 2nd period - Shot Blocked by Vladislav Gavrikov.
12:04 of 2nd period - Slapshot by Roman Josi.
12:04 of 2nd period - Shot Misses the Net.
12:36 of 2nd period - Wrist shot by Thomas Chabot.
12:36 of 2nd period - Stopped by Connor Ingram with a rebound.
12:38 of 2nd period - Snap shot by Conor Sheary.
12:38 of 2nd period - Shot Misses the Net.
12:40 of 2nd period - Slapshot by Curtis Lazar.
12:40 of 2nd period - Stopped by Connor Ingram without a rebound.
12:41 of 2nd period - Pierre-edouard Bellemare wins face-off versus Radek Faksa in Philadelphia Flyers zone.
12:56 of 2nd period - Slapshot by Curtis Lazar.
12:56 of 2nd period - Shot Misses the Net.
12:58 of 2nd period - Slapshot by Shea Theodore.
12:58 of 2nd period - Stopped by Connor Ingram without a rebound.
12:59 of 2nd period - Casey Cizikas wins face-off versus Sean Couturier in Philadelphia Flyers zone.
13:07 of 2nd period - Off-side.
13:08 of 2nd period - Casey Cizikas wins face-off versus Sean Couturier in neutral zone.
13:11 of 2nd period - Snap shot by Jeff Skinner.
13:11 of 2nd period - Shot Misses the Net.
13:33 of 2nd period - Snap shot by Sean Couturier.
13:33 of 2nd period - Shot Misses the Net.
13:35 of 2nd period - Wrist shot by Sean Couturier.
13:35 of 2nd period - Goal by Sean Couturier - Vegas Golden Knights : 2 - Philadelphia Flyers : 1.
13:36 of 2nd period - Auston Matthews wins face-off versus Radek Faksa in neutral zone.
14:28 of 2nd period - Zac Jones is hit by Curtis Lazar and loses puck.
15:05 of 2nd period - Vladislav Gavrikov is hit by Conor Sheary and loses puck.
15:34 of 2nd period - Wrist shot by Thomas Chabot.
15:34 of 2nd period - Shot Misses the Net.
16:08 of 2nd period - Samuel Poulin is hit by Curtis Lazar and loses puck.
16:15 of 2nd period - Slapshot by Trevor van Riemsdyk.
16:15 of 2nd period - Stopped by Cayden Primeau with a rebound.
16:17 of 2nd period - Slapshot by Trevor van Riemsdyk.
16:17 of 2nd period - Stopped by Cayden Primeau with a rebound.
16:38 of 2nd period - Off-side.
16:39 of 2nd period - Radek Faksa wins face-off versus Auston Matthews in neutral zone.
17:02 of 2nd period - Icing by Bryan Rust.
17:03 of 2nd period - Auston Matthews wins face-off versus Casey Cizikas in Vegas Golden Knights zone.
17:03 of 2nd period - Auston Matthews is hit by Joel Edmundson.
17:36 of 2nd period - Wrist shot by Sean Couturier.
17:36 of 2nd period - Stopped by Connor Ingram without a rebound.
17:37 of 2nd period - Auston Matthews wins face-off versus Radek Faksa in Philadelphia Flyers zone.
17:52 of 2nd period - Wrist shot by Auston Matthews.
17:52 of 2nd period - Stopped by Connor Ingram with a rebound.
17:54 of 2nd period - Snap shot by Reilly Smith.
17:54 of 2nd period - Shot Misses the Net.
18:04 of 2nd period - Tyler Toffoli is hit by Sean Kuraly and loses puck.
Goals for this period are 1 for Vegas Golden Knights vs 1 for Philadelphia Flyers.
Shots for this period are 15 for Vegas Golden Knights vs 8 for Philadelphia Flyers.
3rd period
0:01 of 3rd period - Sean Kuraly wins face-off versus Jordan Staal in neutral zone.
0:37 of 3rd period - Off-side.
0:38 of 3rd period - Casey Cizikas wins face-off versus Auston Matthews in neutral zone.
0:49 of 3rd period - Casey Cizikas is hit by Reilly Smith and loses puck.
1:11 of 3rd period - Backhand shot by Trevor van Riemsdyk.
1:11 of 3rd period - Stopped by Cayden Primeau with a rebound.
1:45 of 3rd period - Slapshot by Jesper Fast.
1:45 of 3rd period - Stopped by Cayden Primeau with a rebound.
1:59 of 3rd period - Wrist shot by Sean Couturier.
1:59 of 3rd period - Deflect By Trevor Lewis.
1:59 of 3rd period - Deflect By Jeff Skinner.
1:59 of 3rd period - Stopped by Connor Ingram with a rebound.
2:28 of 3rd period - Wrist shot by Lukas Rousek.
2:28 of 3rd period - Stopped by Cayden Primeau without a rebound.
2:29 of 3rd period - Samuel Poulin wins face-off versus Jordan Staal in Vegas Golden Knights zone.
3:01 of 3rd period - Slapshot by Vladislav Gavrikov.
3:01 of 3rd period - Shot Blocked by Danton Heinen.
3:44 of 3rd period - Slapshot by Roman Josi.
3:44 of 3rd period - Stopped by Connor Ingram with a rebound.
4:32 of 3rd period - Icing by Thomas Chabot.
4:33 of 3rd period - Radek Faksa wins face-off versus Auston Matthews in Vegas Golden Knights zone.
4:44 of 3rd period - Snap shot by Cody Glass.
4:44 of 3rd period - Shot Blocked by Thomas Chabot.
5:44 of 3rd period - Slapshot by Jesper Fast.
5:44 of 3rd period - Stopped by Cayden Primeau with a rebound.
5:46 of 3rd period - Slapshot by Albert Johansson.
5:46 of 3rd period - Shot Blocked by Pierre-edouard Bellemare.
5:50 of 3rd period - Wrist shot by Jesper Fast.
5:50 of 3rd period - Shot Blocked by Pierre-edouard Bellemare.
6:00 of 3rd period - Radek Faksa is hit by Bryan Rust and loses puck.
6:10 of 3rd period - Ryan Graves is hit by Cody Glass and loses puck.
6:28 of 3rd period - Icing by Daniil Misyul.
6:29 of 3rd period - Jordan Staal wins face-off versus Casey Cizikas in Philadelphia Flyers zone.
6:32 of 3rd period - Wrist shot by Tyler Toffoli.
6:32 of 3rd period - Stopped by Connor Ingram with a rebound.
6:51 of 3rd period - Snap shot by Jeff Skinner.
6:51 of 3rd period - Stopped by Cayden Primeau with a rebound.
6:53 of 3rd period - Slapshot by Zac Jones.
6:53 of 3rd period - Shot Blocked by Auston Matthews.
6:55 of 3rd period - Slapshot by Zac Jones.
6:55 of 3rd period - Stopped by Cayden Primeau with a rebound.
6:57 of 3rd period - Wrist shot by Marcus Johansson.
6:57 of 3rd period - Shot Misses the Net.
6:59 of 3rd period - Snap shot by Zac Jones.
6:59 of 3rd period - Goal by Zac Jones - Vegas Golden Knights : 2 - Philadelphia Flyers : 2.
7:00 of 3rd period - Auston Matthews wins face-off versus Sean Kuraly in neutral zone.
7:12 of 3rd period - Slapshot by Zac Jones.
7:12 of 3rd period - Shot Blocked by John Marino.
7:14 of 3rd period - Slapshot by Joel Edmundson.
7:14 of 3rd period - Deflect By Shea Theodore.
7:14 of 3rd period - Stopped by Cayden Primeau without a rebound.
7:15 of 3rd period - Radek Faksa wins face-off versus Sean Couturier in Vegas Golden Knights zone.
7:19 of 3rd period - Icing by Roman Josi.
7:20 of 3rd period - Sean Couturier wins face-off versus Radek Faksa in Vegas Golden Knights zone.
7:51 of 3rd period - Wrist shot by Sean Kuraly.
7:51 of 3rd period - Stopped by Cayden Primeau without a rebound.
7:52 of 3rd period - Auston Matthews wins face-off versus Jesper Fast in Vegas Golden Knights zone.
8:07 of 3rd period - Snap shot by Sean Kuraly.
8:07 of 3rd period - Stopped by Cayden Primeau with a rebound.
8:09 of 3rd period - Slapshot by Zac Jones.
8:09 of 3rd period - Deflect By Ryan Winterton.
8:09 of 3rd period - Shot Misses the Net.
8:09 of 3rd period - Puck is out of play.
8:10 of 3rd period - Radek Faksa wins face-off versus Jordan Staal in Vegas Golden Knights zone.
8:36 of 3rd period - Marcus Johansson is hit by Reilly Smith and loses puck.
8:41 of 3rd period - Wrist shot by Auston Matthews.
8:41 of 3rd period - Stopped by Connor Ingram with a rebound.
9:03 of 3rd period - Trevor Lewis is hit by Ryan Winterton and loses puck.
9:13 of 3rd period - Icing by John Marino.
9:14 of 3rd period - Radek Faksa wins face-off versus Sean Couturier in Vegas Golden Knights zone.
9:23 of 3rd period - Snap shot by Cody Glass.
9:23 of 3rd period - Stopped by Cayden Primeau with a rebound.
9:29 of 3rd period - Slapshot by Shea Theodore.
9:29 of 3rd period - Stopped by Connor Ingram without a rebound.
9:30 of 3rd period - Sean Kuraly wins face-off versus Jordan Staal in Philadelphia Flyers zone.
10:02 of 3rd period - Minor Penalty to Jeff Skinner for Interference.
10:03 of 3rd period - Jordan Staal wins face-off versus Casey Cizikas in Philadelphia Flyers zone.
10:18 of 3rd period - Slapshot by Tyler Bertuzzi.
10:18 of 3rd period - Goal by Tyler Bertuzzi - Vegas Golden Knights : 3 - Philadelphia Flyers : 2.
10:19 of 3rd period - Radek Faksa wins face-off versus Auston Matthews in neutral zone.
10:24 of 3rd period - Wrist shot by Cody Glass.
10:24 of 3rd period - Shot Blocked by Ryan Graves.
11:19 of 3rd period - Off-side.
11:20 of 3rd period - Auston Matthews wins face-off versus Samuel Poulin in neutral zone.
11:27 of 3rd period - Wrist shot by Bryan Rust.
11:27 of 3rd period - Shot Misses the Net.
11:29 of 3rd period - Wrist shot by Auston Matthews.
11:29 of 3rd period - Goal by Auston Matthews - Vegas Golden Knights : 4 - Philadelphia Flyers : 2.
11:30 of 3rd period - Jordan Staal wins face-off versus Radek Faksa in neutral zone.
11:35 of 3rd period - Snap shot by Tyler Toffoli.
11:35 of 3rd period - Stopped by Connor Ingram without a rebound.
11:36 of 3rd period - Radek Faksa wins face-off versus Jordan Staal in Philadelphia Flyers zone.
11:51 of 3rd period - Snap shot by Tyler Bertuzzi.
11:51 of 3rd period - Stopped by Connor Ingram without a rebound.
11:52 of 3rd period - Auston Matthews wins face-off versus Lukas Rousek in Philadelphia Flyers zone.
13:08 of 3rd period - Wrist shot by Shea Theodore.
13:08 of 3rd period - Shot Misses the Net.
14:58 of 3rd period - Slapshot by Roman Josi.
14:58 of 3rd period - Deflect By Trevor Lewis.
14:58 of 3rd period - Stopped by Connor Ingram with a rebound.
15:19 of 3rd period - Tyler Toffoli is hit by Daniil Misyul and loses puck.
15:34 of 3rd period - Ryan Winterton is hit by Marc-Edouard Vlasic and loses puck.
15:51 of 3rd period - Cody Glass is hit by Curtis Lazar and loses puck.
15:58 of 3rd period - Wrist shot by Curtis Lazar.
15:58 of 3rd period - Shot Blocked by Cody Glass.
16:20 of 3rd period - Matt Rempe is hit by Danton Heinen and loses puck.
17:02 of 3rd period - Wrist shot by Auston Matthews.
17:02 of 3rd period - Shot Blocked by Albert Johansson.
17:19 of 3rd period - Roman Josi is hit by Trevor van Riemsdyk.
18:06 of 3rd period - Slapshot by Shea Theodore.
18:06 of 3rd period - Shot Misses the Net.
18:08 of 3rd period - Snap shot by Jordan Staal.
18:08 of 3rd period - Stopped by Connor Ingram without a rebound.
18:09 of 3rd period - Casey Cizikas wins face-off versus Jordan Staal in Philadelphia Flyers zone.
18:22 of 3rd period - John Marino is hit by Casey Cizikas and loses puck.
18:41 of 3rd period - Snap shot by Sean Kuraly.
18:41 of 3rd period - Deflect By Ryan Winterton.
18:41 of 3rd period - Shot Blocked by Shea Theodore.
18:41 of 3rd period - Shea Theodore from Vegas Golden Knights is injured at 18:41 of 3rd period (Upper Body).
18:42 of 3rd period - Samuel Poulin wins face-off versus Sean Couturier in Vegas Golden Knights zone.
18:51 of 3rd period - Matt Rempe is hit by Sean Couturier and loses puck.
19:13 of 3rd period - Wrist shot by Samuel Poulin.
19:13 of 3rd period - Stopped by Cayden Primeau with a rebound.
19:35 of 3rd period - Reilly Smith is hit by Casey Cizikas and loses puck.
19:50 of 3rd period - Marcus Johansson is hit by Roman Josi and loses puck.
Goals for this period are 2 for Vegas Golden Knights vs 1 for Philadelphia Flyers.
Shots for this period are 11 for Vegas Golden Knights vs 12 for Philadelphia Flyers.
Back to the Top